 Dungeon Crawl Stone Soup version 0.31-a0-18-gea43df2a32 (webtiles) character file.

Game seed: 11412915560811920717

105 Dordric the Grasshopper (level 4, 0/34 HPs)
             Began as a Barachi Warper on May 9, 2023.
             Slain by Grinder (1 damage)
             ... on level 3 of the Dungeon.
             The game lasted 00:05:56 (2614 turns).

Dordric the Grasshopper (Barachi Warper)            Turns: 2614, Time: 00:05:57

Health: 0/34       AC:  5    Str: 12    XL:     4   Next: 83%
Magic:  7/7        EV: 10    Int: 14    God:
Gold:   185        SH:  0    Dex: 13    Spells: 1/7 levels left

rFire   . . .        a - +0 falchion
rCold   . . .        (no shield)
rNeg    . . .        m - +0 ring mail
rPois   .            (no helmet)
rElec   .            (no cloak)
rCorr   .            (no gloves)
SInv    .            (no boots)
Will    .....        (no amulet)
Stlth   +            (no ring)
HPRegen 0.25/turn    (no ring)
MPRegen 0.10/turn

%: no passive effects
@: slow
A: amphibious, slowness 1, strong legs 1, +LOS
a: Hop


You were on level 3 of the Dungeon.
You visited 1 branch of the dungeon, and saw 4 of its levels.

You collected 185 gold pieces.

Inventory:

Hand Weapons
 a - a +0 falchion (weapon)
Missiles
 n - 2 boomerangs (quivered)
Armour
 b - a +0 leather armour
 m - a +0 ring mail (worn)
Scrolls
 c - 3 scrolls of blinking
 i - a scroll of teleportation
 j - a scroll of poison
 k - a scroll of vulnerability
 l - a scroll of torment {unknown}
 o - a scroll of amnesia {unknown}
Potions
 e - a potion of curing {unknown}
 f - 4 potions of heal wounds {unknown}
 h - a potion of mutation {unknown}


   Skills:
 - Level 2.4 Fighting
 + Level 4.4 Long Blades
 - Level 1.0 Throwing
 - Level 1.2 Armour
 - Level 2.1 Dodging
 - Level 2.1 Spellcasting
 + Level 4.8 Translocations


You had one spell level left.
You knew the following spells:

 Your Spells              Type           Power      Damage    Failure   Level
a - Blink                 Tloc           28%        N/A       11%         2
b - Manifold Assault      Tloc           14%        N/A       58%         4

Your spell library contained the following spells:

 Spells                   Type           Power      Damage    Failure   Level
 Sandblast                Erth           2%         2d4       47%         1
 Shock                    Conj/Air       4%         1d3       47%         1
 Lesser Beckoning         Tloc           28%        N/A       11%         2
 Teleport Other           Tloc           14%        N/A       22%         3
 Vhi's Electric Charge    Tloc/Air       16%        N/A       52%         3
 Cigotuvi's Dreadful Rot  Necr/Pois/Air  2%         N/A       63%         2
 Passwall                 Tmut/Erth      0%         N/A       63%         2
 Stone Arrow              Conj/Erth      2%         3d7       85%         3
 Swiftness                Air            1%         N/A       85%         3
 Airstrike                Air            0%         2d(1-17)  99%         4
 Dispel Undead            Necr           1%         3d6       99%         4
 Arcjolt                  Conj/Air       0%         1d10      100%        5
 Death Channel            Necr           0%         N/A       100%        6
 Maxwell's Capacitive Co  Air            0%         ∞         100%        8


Dungeon Overview and Level Annotations

Branches:
Dungeon (4/15)
 Temple: D:4-7

Altars:

Annotations:
D:3 Grinder, Sigmund


Innate Abilities, Weirdness & Mutations

You are amphibious.
You cover ground slowly.
You can hop short distances.
You have an extended range of vision and can be seen from far away.


Message History

The boomerang of dispersal hits Grinder and shatters for extra damage.
Grinder blinks!
Found 13 gold pieces.
Grinder shouts!
Grinder blinks!
You throw a boomerang of dispersal.
The boomerang of dispersal hits Grinder and shatters for extra damage.
Grinder blinks!
Grinder says, "FISH!"
You throw a boomerang. The boomerang closely misses Grinder.
Grinder gestures at you. Pain shoots through your body!
You throw a boomerang.
The boomerang hits Grinder but does no damage.
Grinder is heavily wounded.
You throw a boomerang.
The boomerang hits Grinder and shatters for extra damage.
Grinder is heavily wounded.
You throw a boomerang. The boomerang hits Grinder.
Grinder is heavily wounded.
Grinder gestures at you. You resist with significant effort.
Grinder blinks!
You throw a boomerang.
The boomerang hits Grinder but does no damage.
Grinder is heavily wounded.
Grinder hits you.
You writhe in agony.
You closely miss Grinder.
Grinder is heavily wounded.
Grinder says, "Just stop there for a second..."
Grinder closely misses you.
You closely miss Grinder.
Grinder is heavily wounded.
Grinder hits you!
You writhe in agony.
* * * LOW HITPOINT WARNING * * *
You hit Grinder but do no damage.
Grinder is heavily wounded.
Grinder hits you.
* * * LOW HITPOINT WARNING * * *
You writhe in agony.
You die...

#.##. #.# #.####.##
#.##.# #.# #.#....
##.##.##.##.# #.#.###
.........##.# #.#.#
##.##.#####$# #.#.#
#.##.# #.# #.#.# #.##.#
#.# #.#.#
#....#####.###5#.#######
####..†........@.......#
#####.####..............#
......# #...########.#..
####### #####


You could see Grinder.

Vanquished Creatures
  Natasha (D:3)
  An adder (D:2)
  2 worms (D:2)
  A dart slug (D:1)
  2 orcs (D:3)
  7 bats
  6 endoplasms
  2 giant cockroaches
  7 goblins
  6 hobgoblins
  4 jackals (D:1)
  A quokka (D:1)
  5 ball pythons
  3 frilled lizards
  4 kobolds
  3 rats
55 creatures vanquished.

Notes
Turn   | Place    | Note
-------+----------+-------------------------------------------
     0 | D:1      | Dordric the Barachi Warper began the quest for the Orb.
     0 | D:1      | Reached XP level 1. HP: 17/17 MP: 3/3
   152 | D:1      | Reached XP level 2. HP: 23/23 MP: 5/5
   204 | D:1      | Learned a level 2 spell: Blink
   584 | D:1      | Reached XP level 3. HP: 28/28 MP: 6/6
  1359 | D:2      | Reached XP level 4. HP: 34/34 MP: 7/7
  2044 | D:3      | Noticed Grinder
  2141 | D:3      | Noticed Sigmund
  2298 | D:2      | Learned a level 4 spell: Manifold Assault
  2347 | D:4      | Noticed a scorpion
  2558 | D:3      | Noticed Natasha
  2564 | D:3      | Killed Natasha
  2593 | D:3      | Paralysed by Grinder for 5 turns
  2614 | D:3      | HP: 1/34 [Grinder (5)]
  2614 | D:3      | Slain by Grinder

Illustrated notes

Levels and vault maps discovered:
D:1:      roderic_dead_forest, layout_basic
D:2:      layout_basic, kennysheep_generic_room_7
D:3:      layout_loops_ring, uniq_natasha, uniq_grinder, uniq_sigmund,
          uniq_crazy_yiuf_cottage
D:4:      layout_cave_pools, minmay_temple_entry_sparse_star

Skill      XL: |  1  2  3  4 |
---------------+-------------+-----
Long Blades    | 3 4 |  4.4
Translocations | 4 |  4.8
Fighting       | |  2.4
Throwing       | |  1.0
Armour         | |  1.2
Dodging        | |  2.1
Spellcasting   | |  2.1

Action                     |  1- 3 |  4- 6 || total
---------------------------+-------+-------++-------
  Melee: Falchion          |   128 |    65 ||   193
         Punch             |       |     1 ||     1
  Throw: Boomerang         |       |    12 ||    12
   Cast: Blink             |       |     3 ||     3
Ability: Hop               |       |     1 ||     1
    Use: Scroll            |       |     3 ||     3
 Armour: Leather armour    |    28 |    16 ||    44
         Ring mail         |       |    35 ||    35
  Dodge: Dodged            |    78 |    75 ||   153

Table legend: (Time is in decaauts)
 A = Elapsed time spent in this place.
 B = Non-inter-level travel time spent in this place.
 C = Inter-level travel time spent in this place.
 D = Time resting spent in this place.
 E = Time spent auto-exploring this place.
 F = Levels seen in this place.
 G = Mean time per level.
                   A        B        C        D        E       F      G
               +--------+--------+--------+--------+--------+-----+--------+
         Total |   3013 |   2846 |    167 |     77 |   2058 |   4 |  753.2 |
       Dungeon |   3013 |   2846 |    167 |     77 |   2058 |   4 |  753.2 |
               +--------+--------+--------+--------+--------+-----+--------+

Top non-repeatable levels by time:
     D:2: 1491 daAuts
     D:1: 1020 daAuts
     D:3: 496 daAuts
     D:4: 5 daAuts
